 Dungeon Crawl Stone Soup version 0.26-a0-542-gbaa144ba5c (webtiles) character file.

Game seed: 9977591086257579065

312 Aksej the Poker (level 6, -5/76 HPs)
             Began as a Minotaur Gladiator on May 31, 2020.
             Slain by an orc warrior
             ... wielding a +0 short sword
              (9 damage)
             ... on level 4 of the Dungeon on Aug 17, 2020.
             The game lasted 00:09:41 (2618 turns).

Aksej the Poker (Minotaur Gladiator)                Turns: 2618, Time: 00:09:41

Health: -5/76      AC: 23    Str: 18    XL:     6   Next: 18%
Magic:  5/5        EV:  2    Int:  5    God:
Gold:   88         SH:  0    Dex: 14    Spells: 5/5 levels left

rFire    . . .     SeeInvis .   a - +1 trident
rCold    . . .     Faith    .   (no shield)
rNeg     + + +     Spirit   .   (armour currently unavailable)
rPois    +         Reflect  .   (helmet currently unavailable)
rElec    .         Harm     .   (cloak currently unavailable)
rCorr    .         NoTele   +   (gloves currently unavailable)
MR       .....                  (boots currently unavailable)
Stlth    +.........             (no amulet)
HPRegen  0.22/turn              (no ring)
MPRegen  0.09/turn              (no ring)

@: tree-form, lightly drained
A: (retaliatory headbutt)
a: no special abilities


You were on level 4 of the Dungeon.
You were a tree.
You visited 1 branch of the dungeon, and saw 4 of its levels.

You collected 178 gold pieces.
You spent 90 gold pieces at shops.

Inventory:

Hand Weapons
 a - a +1 trident (weapon)
Missiles
 d - 3 throwing nets (quivered)
Armour
 b - a +0 leather armour (melded)
 c - a +2 hat (melded)
 k - a +0 pair of gloves (melded)
Wands
 o - a wand of flame (9)
Scrolls
 e - 3 scrolls of remove curse
 l - a scroll of identify
 m - a scroll of teleportation
Potions
 h - 3 potions of curing
 i - a potion of resistance
 j - a potion of flight
 n - a potion of lignification
Comestibles
 f - 2 removed foods
 g - 8 removed foods


   Skills:
 + Level 3.6(3.3) Fighting
 * Level 7.0(6.6) Polearms
 + Level 2.2(1.9) Throwing
 + Level 2.1(1.8) Armour
 + Level 3.8(3.6) Dodging
 + Level 0.5(0.3) Stealth


You had 5 spell levels left.
You didn't know any spells.
Your spell library was empty.

Dungeon Overview and Level Annotations

Branches:
Dungeon (4/15)
 Temple: D:4-7

Altars:
Cheibriados
Dithmenos
Elyvilon
Fedhas
Trog
Zin


Innate Abilities, Weirdness & Mutations

((You reflexively headbutt those who attack you in melee.))
((You have a pair of horns on your head.))


Message History

The orc warrior is almost dead.
The orc warrior hits you with a +0 short sword!
* * * LOW HITPOINT WARNING * * *
You feel better.
The orc warrior hits you with a +0 short sword!
* * * LOW HITPOINT WARNING * * *
Really quaff the potion of lignification?
You turn into a tree.
Your +2 hat melds into your body.
Your +0 pair of gloves melds into your body.
Your +0 leather armour melds into your body.
Your roots penetrate the ground.
The orc warrior hits you but does no damage.
You completely miss the orc warrior.
The orc warrior is almost dead.
The orc warrior hits you with a +0 short sword.
* * * LOW HITPOINT WARNING * * *
You closely miss the orc warrior.
The orc warrior is almost dead.
The orc warrior hits you with a +0 short sword!
You die...

##### # ...# #. ##
###.##### #..##.##
#........ #.#...#
#[#.#####
#........#####.#.#####
###.....##..............
......o.# #####.......##
##....♣#### ##.###..##
#..!......####.#.##....
#........))...###...###
#.........##.## ##.....
#......####.## ##....
..............## ##.....
##......####...###...###
##>.........##.#.####
##############.##


You could see an orc warrior.

Vanquished Creatures
  A howler monkey (D:4)
  3 orc wizards
  A worker ant (D:4)
  A howler monkey skeleton (D:4)
  3 adders
  An adder skeleton (D:4)
  A worm (D:2)
  6 leopard geckos
  16 orcs
  13 bats
  4 giant cockroaches
  4 goblins
  17 hobgoblins
  7 jackals
  3 kobolds
  2 ball pythons
  A jackal skeleton (D:4)
  15 rats
99 creatures vanquished.

Notes
Turn   | Place    | Note
-------+----------+-------------------------------------------
     0 | D:1      | Aksej the Minotaur Gladiator began the quest for the Orb.
     0 | D:1      | Reached XP level 1. HP: 18/18 MP: 0/0
   210 | D:1      | Reached skill level 4 in Polearms
   210 | D:1      | Reached XP level 2. HP: 25/25 MP: 1/1
   375 | D:1      | Upgraded the game from 0.26-a0-40-gfe7b5d5a6f to
                  | 0.26-a0-542-gbaa144ba5c
   699 | D:2      | Reached XP level 3. HP: 30/30 MP: 2/2
  1054 | D:2      | Reached skill level 1 in Armour
  1071 | D:2      | Found a shadowy altar of Dithmenos.
  1072 | D:2      | Found a white marble altar of Elyvilon.
  1073 | D:2      | Found a blossoming altar of Fedhas.
  1397 | D:2      | Reached XP level 4. HP: 38/38 MP: 3/3
  1533 | D:3      | Found a snail-covered altar of Cheibriados.
  1542 | D:3      | Found a glowing silver altar of Zin.
  1545 | D:3      | Found Zin's Purification Station.
  1550 | D:3      | Bought a potion of curing for 90 gold pieces
  1563 | D:3      | Reached skill level 5 in Polearms
  1700 | D:3      | Found a bloodstained altar of Trog.
  1922 | D:3      | Reached XP level 5. HP: 37/45 MP: 4/4
  2021 | D:3      | Reached skill level 6 in Polearms
  2400 | D:4      | Reached XP level 6. HP: 42/51 MP: 5/5
  2602 | D:4      | Reached skill level 7 in Polearms
  2604 | D:4      | Noticed an orc warrior
  2618 | D:4      | Slain by an orc warrior

Illustrated notes

Levels and vault maps discovered:
D:1:      wander_arrival_peaceful_grave, layout_basic
D:2:      layout_basic, grunt_temple_overflow_open
D:3:      layout_loops_ring, cheibriados_altar_1, zin_purify, trog_book
D:4:      layout_loops_ring, minmay_small_thing

Skill      XL: |  1  2  3  4  5  6 |
---------------+-------------------+-----
Polearms       | 4 5 6 7 |  7.0
Armour         | 1 2 |  2.1
Fighting       | 3 |  3.6
Throwing       | |  2.2
Dodging        | |  3.8
Stealth        | |  0.5

Action                   |  1- 3 |  4- 6 || total
-------------------------+-------+-------++-------
Melee: Trident           |   118 |   115 ||   233
       Headbutt          |     8 |    14 ||    22
  Use: Scroll            |     7 |     5 ||    12
       Potion            |     1 |     2 ||     3
 Stab: Sleeping          |     1 |       ||     1
Armor: Leather armour    |    33 |    13 ||    46
       Skin              |       |     1 ||     1
Dodge: Dodged            |    69 |    35 ||   104

Table legend: (Time is in decaauts)
 A = Elapsed time spent in this place.
 B = Non-inter-level travel time spent in this place.
 C = Inter-level travel time spent in this place.
 D = Time resting spent in this place.
 E = Time spent auto-exploring this place.
 F = Levels seen in this place.
 G = Mean time per level.
                   A        B        C        D        E       F      G
               +--------+--------+--------+--------+--------+-----+--------+
         Total |   2654 |   2604 |     50 |      0 |   2053 |   4 |  663.5 |
       Dungeon |   2654 |   2604 |     50 |      0 |   2053 |   4 |  663.5 |
               +--------+--------+--------+--------+--------+-----+--------+

Top non-repeatable levels by time:
     D:2: 865 daAuts
     D:3: 790 daAuts
     D:4: 315 daAuts
     D:1: 305 daAuts
Note: time per level data comes from an upgraded game and may be incomplete.
